 Dungeon Crawl Stone Soup version 0.31-a0-167-g1c394c0614 (webtiles) character file.

Game seed: 2182645478601860716

809 qw the Shooter (level 7, -3/66 HPs)
             Began as a Naga Hunter on June 14, 2023.
             Slain by a water moccasin (4 damage)
             ... on level 5 of the Dungeon.
             The game lasted 00:01:28 (4225 turns).

qw the Shooter (Naga Hunter)                        Turns: 4225, Time: 00:01:29

Health: -3/66      AC:  8    Str: 14    XL:     7   Next: 92%
Magic:  7/7        EV:  8    Int:  9    God:
Gold:   267        SH:  0    Dex: 19    Spells: 6/6 levels left

rFire   + . .        Y - +0 shortbow
rCold   . . .        (shield currently unavailable)
rNeg    . . .        c - +0 leather armour
rPois   +            (no helmet)
rElec   .            (no cloak)
rCorr   .            (no gloves)
SInv    +            e - +0 barding of Poor Excuses {Dex+3}
Will    .....        (no amulet)
Stlth   ++           f - ring of protection from fire
HPRegen 0.31/turn    (no ring)
MPRegen 0.10/turn

%: no passive effects
@: lethally poisoned (-3 -> -7), very slow
A: AC +2, large, see invisible, deformed body, poison resistance, slowness 2,
spit poison 1, naga tail 1
a: Spit Poison


You were on level 5 of the Dungeon.
You visited 2 branches of the dungeon, and saw 6 of its levels.

You collected 267 gold pieces.


Innate Abilities, Weirdness & Mutations

Your serpentine skin is tough. (AC +2)
You have supernaturally acute eyesight. (SInv)
Armour fits poorly on your strangely shaped body.
Your system is resistant to poisons. (rPois)
You cover ground very slowly.
You can spit poison.
You have a snake-like lower body.


   Skills:
 - Level 4.5 Fighting
 + Level 7.2 Ranged Weapons
 - Level 1.1 Armour
 - Level 2.5 Dodging
 - Level 1.5 Stealth


You had 6 spell levels left.
You didn't know any spells.
Your spell library was empty.

Inventory:

Hand Weapons
 Y - a +0 shortbow (weapon)
Armour
 c - a +0 leather armour (worn)
 e - the +0 barding of Poor Excuses (worn) {Dex+3}
   (You acquired it on level 4 of the Dungeon)

   Dex:       It affects your dexterity (+3).
 g - a +0 pair of gloves
Jewellery
 d - a ring of ice
 f - a ring of protection from fire (left hand)
Scrolls
 a - a scroll of identify
Potions
 b - 2 potions of curing
 h - a potion of berserk rage {unknown}
 i - 2 potions of magic {unknown}
 j - a potion of haste

Dungeon Overview and Level Annotations

Branches:
Dungeon (5/15)             Temple (1/1) D:4

Altars:
Ashenzari
Fedhas
Gozag
Hepliaklqana
Qazlal
Ru
Uskayaw
Wu Jian
Yredelemnul
Zin
Lugonu

Portals:
Abyss: D:3

Annotations:
D:3 2 runed translucent doors


Message History

The water moccasin bites you.
You shoot an arrow. The arrow misses the water moccasin.
You feel sick. The water moccasin bites you. x2
You shoot an arrow. The arrow misses the water moccasin.
You feel sick. The water moccasin closely misses you.
You shoot an arrow.
The arrow closely misses the water moccasin.
You feel sick. The water moccasin bites you.
The water moccasin bites you but does no damage.
You shoot an arrow. The arrow hits the water moccasin!
The water moccasin is severely wounded.
You feel sick. The water moccasin bites you.
You shoot an arrow.
The arrow barely misses the water moccasin.
You feel sick. The water moccasin bites you.
The water moccasin barely misses you.
You shoot an arrow.
The arrow hits the water moccasin but does no damage.
The water moccasin is severely wounded.
You feel sick. The water moccasin barely misses you.
You shoot an arrow. The arrow hits the water moccasin.
The water moccasin is severely wounded.
You feel sick.
You are no longer poisoned.
The water moccasin bites you but does no damage.
The water moccasin bites you.
You are poisoned.
The water moccasin poisons you!
You shoot an arrow.
The arrow hits the water moccasin but does no damage.
The water moccasin is severely wounded.
You feel very sick. The water moccasin bites you.
You shoot an arrow. The arrow misses the water moccasin.
You feel sick.
The water moccasin bites you but does no damage.
You shoot an arrow. The arrow hits the water moccasin.
The water moccasin is almost dead.
You feel sick. The water moccasin bites you. x2
You die...

##### #...# #######...########
#.....'...@S......
###.#####...######## #...# #....#
######## ##.### ####.#
#......###### #+ #..# ###.#
#.#....#....# #.##.## ##...##
#.#....#....# ...#.########.....#
#.#....#....#
............J.###.###.#....'....#
.....#####....#$#.....##...#....#


You could see a water moccasin.

Vanquished Creatures
  A black bear (D:5)
  2 ogres (D:5)
  A phantom (D:5)
  A howler monkey (D:5)
  A gnoll bouda (D:5)
  A hound (D:5)
  2 jellies (D:5)
  An orc priest (D:3)
  2 sleepcaps
  7 gnolls
  8 adders
  An ufetubus (D:5)
  2 worms
  3 dart slugs
  5 orcs (D:3)
  6 ball pythons
  4 bats
  2 endoplasms
  5 giant cockroaches
  8 goblins
  7 hobgoblins
  7 quokkas
  2 frilled lizards (D:1)
  8 kobolds
  5 rats (D:1)
92 creatures vanquished.

Notes
Turn   | Place    | Note
-------+----------+-------------------------------------------
     0 | D:1      | qw the Naga Hunter began the quest for the Orb.
     0 | D:1      | Reached XP level 1. HP: 19/19 MP: 1/1
     0 | D:1      | 0 ||| qw: Version: 0.2-a-29-g1fa15c8
     0 | D:1      | 0 ||| qw: Game counter: 4961
     0 | D:1      | 0 ||| qw: Always use a shield: true
     0 | D:1      | 0 ||| qw: God list: Okawaru
     0 | D:1      | 0 ||| qw: Allow faded altars: false
     0 | D:1      | 0 ||| qw: Do Orc after D:15 true
     0 | D:1      | 0 ||| qw: Do second Lair branch before Depths: true
     0 | D:1      | 0 ||| qw: Lair rune preference: random
     0 | D:1      | 0 ||| qw: Plans: Normal
     0 | D:1      | 0 ||| PLANNING D:1-11
     7 | D:1      | 7 ||| INVOKING Spit Poison.
    54 | D:1      | 54 ||| INVOKING Spit Poison.
   123 | D:1      | 123 ||| INVOKING Spit Poison.
   183 | D:1      | 183 ||| INVOKING Spit Poison.
   201 | D:1      | 201 ||| INVOKING Spit Poison.
   202 | D:1      | Reached skill level 4 in Ranged Weapons
   202 | D:1      | Reached XP level 2. HP: 26/26 MP: 2/2
   214 | D:1      | 214 ||| INVOKING Spit Poison.
   253 | D:1      | 253 ||| INVOKING Spit Poison.
   262 | D:1      | 262 ||| INVOKING Spit Poison.
   268 | D:1      | 268 ||| INVOKING Spit Poison.
   308 | D:1      | 308 ||| INVOKING Spit Poison.
   312 | D:1      | 312 ||| INVOKING Spit Poison.
   316 | D:1      | 316 ||| INVOKING Spit Poison.
   319 | D:1      | 319 ||| INVOKING Spit Poison.
   417 | D:1      | 417 ||| INVOKING Spit Poison.
   419 | D:1      | Reached XP level 3. HP: 32/32 MP: 3/3
   439 | D:1      | 439 ||| INVOKING Spit Poison.
   454 | D:1      | 454 ||| INVOKING Spit Poison.
   609 | D:1      | 609 ||| INVOKING Spit Poison.
   638 | D:1      | 638 ||| UPGRADING to ring of protection from fire.
   639 | D:1      | 639 ||| READING 2 scrolls labelled FOJIOTH PIME.
   640 | D:1      | 640 ||| DROPPING scroll of fear.
   641 | D:1      | 641 ||| DROPPING scroll of butterflies.
   737 | D:2      | 737 ||| INVOKING Spit Poison.
   754 | D:2      | 754 ||| INVOKING Spit Poison.
   767 | D:2      | 767 ||| INVOKING Spit Poison.
   798 | D:2      | 798 ||| INVOKING Spit Poison.
   803 | D:2      | 803 ||| INVOKING Spit Poison.
   945 | D:2      | 945 ||| INVOKING Spit Poison.
   951 | D:2      | 951 ||| INVOKING Spit Poison.
   975 | D:2      | 975 ||| INVOKING Spit Poison.
   979 | D:2      | 979 ||| INVOKING Spit Poison.
  1007 | D:2      | 1007 ||| INVOKING Spit Poison.
  1013 | D:2      | 1013 ||| INVOKING Spit Poison.
  1014 | D:2      | Reached skill level 5 in Ranged Weapons
  1014 | D:2      | Reached XP level 4. HP: 39/39 MP: 4/4
  1058 | D:2      | 1058 ||| INVOKING Spit Poison.
  1061 | D:2      | 1061 ||| INVOKING Spit Poison.
  1124 | D:2      | 1124 ||| INVOKING Spit Poison.
  1130 | D:2      | 1130 ||| INVOKING Spit Poison.
  1308 | D:2      | 1308 ||| INVOKING Spit Poison.
  1502 | D:2      | 1502 ||| INVOKING Spit Poison.
  1507 | D:2      | 1507 ||| DROPPING ring of wizardry.
  1508 | D:2      | 1508 ||| READING scroll labelled SOSTRA VOOXOH.
  1509 | D:2      | 1509 ||| DRINKING 2 smoky dark potions.
  1510 | D:2      | 1510 ||| DRINKING 3 bubbling emerald potions.
  1516 | D:3      | 1516 ||| INVOKING Spit Poison.
  1521 | D:3      | 1521 ||| INVOKING Spit Poison.
  1526 | D:3      | 1526 ||| INVOKING Spit Poison.
  1529 | D:3      | 1529 ||| INVOKING Spit Poison.
  1535 | D:3      | 1535 ||| INVOKING Spit Poison.
  1545 | D:3      | 1545 ||| INVOKING Spit Poison.
  1554 | D:3      | 1554 ||| INVOKING Spit Poison.
  1557 | D:3      | Reached skill level 3 in Fighting
  1557 | D:3      | 1557 ||| INVOKING Spit Poison.
  1561 | D:3      | Reached XP level 5. HP: 42/49 MP: 5/5
  1568 | D:3      | 1568 ||| INVOKING Spit Poison.
  1574 | D:3      | 1574 ||| INVOKING Spit Poison.
  1579 | D:3      | 1579 ||| INVOKING Spit Poison.
  1585 | D:3      | 1585 ||| INVOKING Spit Poison.
  1586 | D:3      | 1586 ||| INVOKING Spit Poison.
  1592 | D:3      | 1592 ||| INVOKING Spit Poison.
  1594 | D:3      | HP: 11/49 [orc/+0 club (2)]
  1595 | D:3      | 1595 ||| DRINKING 2 potions of heal wounds.
  1597 | D:3      | 1597 ||| INVOKING Spit Poison.
  1599 | D:3      | HP: 11/49 [orc/+0 short sword (5)]
  1600 | D:3      | 1600 ||| DRINKING potion of heal wounds.
  1601 | D:3      | 1601 ||| INVOKING Spit Poison.
  1606 | D:3      | 1606 ||| INVOKING Spit Poison.
  1606 | D:3      | HP: 11/49 [orc/+0 club (3)]
  1633 | D:3      | 1633 ||| FLEEEEING.
  1639 | D:3      | 1639 ||| STAIRDANCE
  1752 | D:2      | 1752 ||| READING scroll labelled FECHELATAE.
  1753 | D:2      | 1753 ||| READING 2 scrolls of identify.
  1753 | D:2      | 1753 ||| IDENTIFYING fizzy grey potion
  1754 | D:2      | 1754 ||| DROPPING potion of enlightenment.
  1770 | D:3      | 1770 ||| INVOKING Spit Poison.
  1775 | D:3      | Identified the +6 spear "Vofesed" {drain, Int+3 Dex+2}
  1816 | D:3      | 1816 ||| INVOKING Spit Poison.
  1820 | D:3      | Identified the +7 great sword "Spiderslayer" {freeze, Fly
                  | Will+ Int+4}
  1822 | D:3      | Found a one-way gate to the infinite horrors of the Abyss.
  1924 | D:3      | Noticed a +0 short sword
  1924 | D:3      | Noticed a +0 spear
  1926 | D:3      | Noticed a +0 dagger
  1926 | D:3      | Noticed a +0 dagger
  1926 | D:3      | Noticed a +0 short sword
  1926 | D:3      | Noticed a +0 falchion
  1927 | D:3      | Noticed a +0 falchion
  1928 | D:3      | Noticed a +0 spear
  1934 | D:3      | Found a hide-covered altar of Uskayaw.
  1992 | D:3      | Found a large runed translucent door.
  1994 | D:3      | Found a large runed translucent door.
  1996 | D:3      | Found a corrupted altar of Lugonu.
  2071 | D:3      | 2071 ||| INVOKING Spit Poison.
  2155 | D:3      | Found a glowing silver altar of Zin.
  2460 | D:3      | 2460 ||| READING scroll labelled MYCREE IGOAD.
  2561 | D:3      | 2561 ||| READING scroll labelled UDEROS NUDA.
  2625 | D:3      | 2625 ||| READING scroll labelled PEREC IHIYN.
  2626 | D:3      | 2626 ||| READING scroll labelled JEICLI NIRONUVO.
  2627 | D:3      | 2627 ||| READING 2 scrolls of identify.
  2627 | D:3      | 2627 ||| IDENTIFYING fizzy inky potion
  2628 | D:3      | 2628 ||| DROPPING potion of invisibility.
  2680 | D:4      | 2680 ||| STAIRDANCE
  2967 | D:4      | 2967 ||| INVOKING Spit Poison.
  2972 | D:4      | 2972 ||| INVOKING Spit Poison.
  2974 | D:4      | Reached skill level 6 in Ranged Weapons
  2974 | D:4      | Reached XP level 6. HP: 49/56 MP: 6/6
  3033 | D:4      | Found a sacrificial altar of Ru.
  3133 | D:4      | Found a staircase to the Ecumenical Temple.
  3134 | D:4      | 3134 ||| PLANNING TEMPLE
  3134 | D:4      | 3134 ||| DROPPING ring of magical power.
  3135 | D:4      | 3135 ||| READING 3 scrolls of identify.
  3135 | D:4      | 3135 ||| IDENTIFYING smoky yellow potion
  3136 | D:4      | 3136 ||| READING 2 scrolls of identify.
  3136 | D:4      | 3136 ||| IDENTIFYING silvery potion
  3137 | D:4      | 3137 ||| DROPPING potion of attraction.
  3146 | Temple   | Entered the Ecumenical Temple
  3260 | Temple   | 3260 ||| PLANNING D:1-11
  3484 | D:4      | 3484 ||| READING scroll labelled SAMEBL AGITH.
  3484 | D:4      | Identified a scroll of acquirement
  3484 | D:4      | 3484 ||| ACQUIRING +0 barding of Poor Excuses {Dex+3}
  3484 | D:4      | Acquired the +0 barding of Poor Excuses {Dex+3}
  3486 | D:4      | 3486 ||| UPGRADING to +0 barding of Poor Excuses {Dex+3}.
  3491 | D:4      | 3491 ||| READING scroll labelled RYDYITS OLLAGH.
  3522 | D:5      | Entered Level 5 of the Dungeon
  3551 | D:5      | 3551 ||| INVOKING Spit Poison.
  3556 | D:5      | Reached skill level 1 in Armour
  3586 | D:5      | Noticed a black bear
  3589 | D:5      | 3589 ||| INVOKING Spit Poison.
  3592 | D:5      | 3592 ||| INVOKING Spit Poison.
  3592 | D:5      | Killed a black bear
  3676 | D:5      | 3676 ||| INVOKING Spit Poison.
  3679 | D:5      | 3679 ||| INVOKING Spit Poison.
  3681 | D:5      | Reached XP level 7. HP: 42/66 MP: 7/7
  3697 | D:5      | 3697 ||| INVOKING Spit Poison.
  3703 | D:5      | 3703 ||| INVOKING Spit Poison.
  3716 | D:5      | 3716 ||| INVOKING Spit Poison.
  3721 | D:5      | 3721 ||| INVOKING Spit Poison.
  3724 | D:5      | 3724 ||| INVOKING Spit Poison.
  3729 | D:5      | 3729 ||| INVOKING Spit Poison.
  3856 | D:5      | 3856 ||| INVOKING Spit Poison.
  3869 | D:5      | 3869 ||| INVOKING Spit Poison.
  3872 | D:5      | 3872 ||| INVOKING Spit Poison.
  3917 | D:5      | 3917 ||| INVOKING Spit Poison.
  3921 | D:5      | 3921 ||| INVOKING Spit Poison.
  4085 | D:5      | 4085 ||| INVOKING Spit Poison.
  4172 | D:5      | Reached skill level 7 in Ranged Weapons
  4222 | D:5      | HP: 12/66 [water moccasin (5)]
  4224 | D:5      | HP: 4/66 [poisoned by a water moccasin]
  4225 | D:5      | HP: 1/66 [water moccasin (2)]
  4225 | D:5      | Slain by a water moccasin

Levels and vault maps discovered:
D:1:      lightli_arrival_boilingwater, layout_basic, minmay_tall_x
D:2:      layout_basic, minmay_tiny_reverse_x
D:3:      due_chaos_kobolds, layout_loops_ring, nicolae_uskayaw_en_pointe,
          zin_treasury, minmay_between
D:4:      layout_rooms, nicolae_ru_awakened_eye, temple_hall
D:5:      layout_basic, nrook_campfire, grunt_tough_drop
Temple:   nicolae_temple_superstar

Skill      XL: |  1  2  3  4  5  6  7 |
---------------+----------------------+-----
Ranged Weapons | 4 5 6 7 |  7.2
Fighting       | 3 4 |  4.5
Armour         | 1 |  1.1
Dodging        | 2 |  2.5
Stealth        | |  1.5

Action                     |  1- 3 |  4- 6 |  7- 9 || total
---------------------------+-------+-------+-------++-------
   Fire: Shortbow          |    52 |   122 |    65 ||   239
Ability: Spit Poison       |    27 |    32 |    12 ||    71
    Use: Scroll            |     1 |    12 |       ||    13
         Potion            |       |     4 |       ||     4
 Armour: Leather armour    |     5 |    30 |    13 ||    48
  Dodge: Dodged            |     8 |    47 |    16 ||    71

Table legend:
 A = Non-vault XP
 B = Vault XP
 C = Vault XP percentage of total XP
 D = Non-vault monster count
 E = Vault monster count
 F = Vault count percentage of total count
                 A         B        C        D         E       F
            +---------+---------+-------+---------+---------+-------
      Total |    1019 |     137 |  11.9 |      79 |      13 |  14.1
            +---------+---------+-------+---------+---------+-------
        D:1 |      32 |       6 |  15.8 |      20 |       4 |  16.7
        D:2 |      71 |       4 |   5.3 |      17 |       2 |  10.5
        D:3 |     184 |      14 |   7.1 |      23 |       5 |  17.9
        D:4 |      15 |       0 |   0.0 |       3 |       0 |   0.0
        D:5 |     717 |     113 |  13.6 |      16 |       2 |  11.1
            +---------+---------+-------+---------+---------+-------
